 Dungeon Crawl Stone Soup version 0.31-a0-325-g067879e3d3 (webtiles) character file.

Game seed: 7230561504835730340

52 HallandMoats the Trooper (level 3, -3/27 HPs)
             Began as a Demonspawn Fighter on July 18, 2023.
             Slain by a scorpion (6 damage)
             ... on level 2 of the Dungeon.
             The game lasted 00:02:24 (1106 turns).

HallandMoats the Trooper (Demonspawn Fighter)       Turns: 1106, Time: 00:02:24

Health: -3/27      AC:  7    Str: 18    XL:     3   Next: 60%
Magic:  3/3        EV:  9    Int:  9    God:
Gold:   38         SH:  0    Dex: 12    Spells: 2/2 levels left

rFire   + . .        a - +0 war axe
rCold   + . .        n - orb {light}
rNeg    . . .        b - +0 scale mail
rPois   +            g - +0 helmet
rElec   +            (no cloak)
rCorr   +            (no gloves)
SInv    .            (no boots)
Will    .....        (no amulet) Stlth
                     (no ring)
HPRegen 0.24/turn    (no ring)
MPRegen 0.08/turn

%: no passive effects
@: mighty, lethally poisoned (-3 -> -11), resistant, attractive, glowing
A: powered by death 1, frail 1
a: no special abilities


You were on level 2 of the Dungeon.
You visited 1 branch of the dungeon, and saw 2 of its levels.

You collected 38 gold pieces.

Inventory:

Hand Weapons
 a - a +0 war axe (weapon)
Armour
 b - a +0 scale mail (worn)
 c - a +0 buckler
 g - a +0 helmet (worn)
 n - an orb of light (worn)
Scrolls
 e - 5 scrolls of identify {unknown}
 f - a scroll of revelation {unknown}
 h - a scroll of vulnerability {unknown}
 m - a scroll of enchant armour {unknown}
Potions
 k - a potion of curing {unknown}


   Skills:
 * Level 3.9 Fighting
 + Level 2.3 Axes
 - Level 2.6 Armour
 + Level 3.1 Shields


You had 2 spell levels left.
You didn't know any spells.
Your spell library contained the following spells:

 Spells                   Type           Power      Damage    Failure   Level
 Foxfire                  Conj/Fire      0%         2x1d4     78%         1
 Plasma Beam              Fire/Air       0%         2x1d10    100%        6
 Starburst                Conj/Fire      0%         6d3       100%        6


Dungeon Overview and Level Annotations

Branches:
Dungeon (2/15)

Altars:


Innate Abilities, Weirdness & Mutations

You regenerate a little health from kills.
You are frail. (-10% HP)


Message History

The hobgoblin barely misses you.
The quokka bites you but does no damage.
You slash the hobgoblin!
You kill the hobgoblin!
You hit the quokka but do no damage. The quokka bites you.
The giant cockroach waves its antennae.
The quokka completely misses you.
You closely miss the quokka. The quokka bites you.
You slash the scorpion!
The scorpion is heavily wounded.
You barely miss the quokka.
The giant cockroach waves its antennae.
The scorpion stings you.
You are poisoned.
The scorpion poisons you! The quokka bites you.
The scorpion closely misses you. The quokka bites you.
You feel very mighty all of a sudden.
You feel very sick. The scorpion stings you.
You are lethally poisoned!
The scorpion poisons you! The quokka barely misses you.
It was a potion of mutation.
You feel extremely strange.
You feel frail.
You feel very sick. The scorpion closely misses you.
The quokka bites you but does no damage.
The scorpion barely misses you.
It was a potion of resistance.
You feel protected.
You feel very sick. The quokka bites you.
* * * LOW HITPOINT WARNING * * *
The scorpion stings you.
* * * LOW HITPOINT WARNING * * *
The quokka bites you but does no damage.
It was a potion of attraction.
You feel attractive to monsters.
* * * LOW HITPOINT WARNING * * *
You feel sick. The scorpion stings you.
You die...

.# .# .##.. .## .. .#?.
..# ##. ..$ #..... ##..#
..# #####..###....# ..##
######..##.##.###B..
................rs####.#
....#.#.........@......#
.............."........#
....#.#.....<.(...(....#
.......................#
.....†.................#
.............#.........#
....##.................#
...###.......#.........#
...###.......#.........


You could see a scorpion, a quokka and a giant cockroach.

Vanquished Creatures
  An adder (D:2)
  A worm (D:2)
  2 dart slugs (D:1)
  5 bats
  4 endoplasms (D:1)
  2 giant cockroaches
  5 goblins
  3 hobgoblins
  A quokka (D:1)
  4 ball pythons
  2 frilled lizards
  2 kobolds (D:1)
  3 rats
35 creatures vanquished.

Notes
Turn   | Place    | Note
-------+----------+-------------------------------------------
     0 | D:1      | HallandMoats the Demonspawn Fighter began the quest for the
                  | Orb.
     0 | D:1      | Reached XP level 1. HP: 18/18 MP: 1/1
    66 | D:1      | Found a faded altar of an unknown god.
   177 | D:1      | Gained mutation: You regenerate a little health from kills.
                  | [demonic ancestry]
   177 | D:1      | Reached XP level 2. HP: 24/24 MP: 2/2
   705 | D:1      | Reached XP level 3. HP: 29/30 MP: 3/3
  1098 | D:2      | Noticed a scorpion
  1104 | D:2      | Gained mutation: You are frail. (-10% HP) [potion of
                  | mutation]
  1106 | D:2      | Slain by a scorpion

Illustrated notes

Levels and vault maps discovered:
D:1:      matt_arrival_grand_opening, layout_loops_corners,
          basic_ecumenical_altar, chequers_serial_rivers_micro_b
D:2:      layout_rooms, serial_glass, glass_columns_a, glass_columns_a,
          minmay_pentomino_p2

Skill      XL: |  1  2 |
---------------+-------+-----
Axes           | 2 |  2.3
Shields        | 3 |  3.1
Fighting       | |  3.9
Armour         | |  2.6

Action                     || total
---------------------------++-------
  Melee: War axe           ||    99
    Use: Potion            ||     4
 Armour: Scale mail        ||    77
  Dodge: Dodged            ||    73
  Block: Buckler           ||    25

Table legend: (Time is in decaauts)
 A = Elapsed time spent in this place.
 B = Non-inter-level travel time spent in this place.
 C = Inter-level travel time spent in this place.
 D = Time resting spent in this place.
 E = Time spent auto-exploring this place.
 F = Levels seen in this place.
 G = Mean time per level.
                   A        B        C        D        E       F      G
               +--------+--------+--------+--------+--------+-----+--------+
         Total |   1148 |   1124 |     24 |      0 |    745 |   2 |  574.0 |
       Dungeon |   1148 |   1124 |     24 |      0 |    745 |   2 |  574.0 |
               +--------+--------+--------+--------+--------+-----+--------+

Top non-repeatable levels by time:
     D:1: 951 daAuts
     D:2: 196 daAuts
